 Dungeon Crawl Stone Soup version 0.22.1-1-ga44c0e56f4 (webtiles) character file.

672 Baz the Charmwright (level 7, -8/56 HPs)
             Began as a Gnoll Skald on Oct 28, 2018.
             Was a Believer of Cheibriados.
             Mangled by an ogre
             ... wielding a +0 giant spiked club
              (34 damage)
             ... on level 4 of the Dungeon.
             The game lasted 00:08:09 (5118 turns).

Baz the Charmwright (Gnoll Skald)                   Turns: 5118, Time: 00:08:09

Health: -8/56      AC:  5    Str: 19    XL:     7   Next: 58%
Magic:  13/15      EV: 14    Int: 20    God:    Cheibriados [**....]
Gold:   265        SH:  0    Dex: 18    Spells: 6/17 levels left

rFire    + . .     SeeInvis .   a - +0 falchion
rCold    . . .     Gourm    .   (no shield)
rNeg     . . .     Faith    .   A - +0 ring mail
rPois    .         Spirit   .   (no helmet)
rElec    .         Reflect  .   (no cloak)
rCorr    .         Harm     .   (no gloves)
MR       .....                  (no boots)
Stlth    ++........             (no amulet)
HPRegen  0.18/turn              g - ring of flight
MPRegen  0.14/turn              h - ring of protection from fire

@: starving, very slow
A: distributed training, fangs 1, strong nose
a: Bend Time, Renounce Religion, Evoke Flight


You were on level 4 of the Dungeon.
You worshipped Cheibriados.
Cheibriados was pleased with you.
You were starving.

You visited 1 branch of the dungeon, and saw 4 of its levels.

You collected 265 gold pieces.

Inventory:

Hand Weapons
 a - a +0 falchion (weapon)
 b - a +0 hunting sling
Missiles
 i - a throwing net (quivered)
 m - 83 stones
Armour
 A - a +0 ring mail (worn)
Jewellery
 g - a ring of flight (left hand)
 h - a ring of protection from fire (right hand)
 v - a +4 ring of evasion {unknown}
 y - an uncursed ring of poison resistance {unknown}
Scrolls
 c - a scroll of identify
 e - a scroll of fear {unknown}
 j - 3 scrolls of remove curse
 k - 2 scrolls of teleportation {unknown}
 n - a scroll of enchant weapon {unknown}
 p - a scroll of blinking {unknown}
 q - a scroll of magic mapping {unknown}
 s - a scroll of noise {unknown}
 z - a scroll of enchant armour {unknown}
Potions
 r - a potion of curing
 t - a potion of mutation
 u - a potion of cancellation
 x - a potion of magic {unknown}
Comestibles
 d - 10 rations
 f - 2 chunks of flesh


   Skills:
 + Level 5.2 Fighting
 + Level 2.5 Short Blades
 + Level 5.2 Long Blades
 + Level 2.5 Axes
 + Level 2.5 Maces & Flails
 + Level 2.5 Polearms
 + Level 2.5 Staves
 + Level 2.5 Slings
 + Level 2.5 Bows
 + Level 2.5 Crossbows
 + Level 2.5 Throwing
 + Level 3.6 Armour
 + Level 5.2 Dodging
 + Level 2.5 Stealth
 + Level 2.5 Shields
 + Level 2.5 Unarmed Combat
 + Level 5.6 Spellcasting
 + Level 2.0 Conjurations
 + Level 2.0 Hexes
 + Level 5.8 Charms
 + Level 2.0 Summonings
 + Level 2.0 Necromancy
 + Level 2.0 Translocations
 + Level 2.0 Transmutations
 + Level 2.0 Fire Magic
 + Level 2.0 Ice Magic
 + Level 2.0 Air Magic
 + Level 2.0 Earth Magic
 + Level 2.0 Poison Magic
 + Level 2.8 Invocations
 + Level 2.5 Evocations


You had 6 spell levels left.
You knew the following spells:

 Your Spells              Type           Power        Failure   Level  Hunger
a - Infusion              Chrm           ####         1%          1    None
b - Song of Slaying       Chrm           ####....     2%          2    None
c - Shroud of Golubria    Chrm/Tloc      ###.......   5%          2    None
d - Spectral Weapon       Hex/Chrm       ###.....     11%         3    ##.....
e - Regeneration          Chrm/Necr      ###.......   11%         3    ##.....

Your spell library contained the following spells:

 Spells                   Type           Power        Failure   Level  Hunger


Dungeon Overview and Level Annotations

Branches:
Dungeon (4/15)
 Temple: D:4-7

Altars:
Cheibriados
Fedhas
Gozag
Qazlal
Sif Muna
Wu Jian
Xom
Zin


Innate Abilities, Weirdness & Mutations

Your experience applies equally to all skills.
You have very sharp teeth.
Your uncanny sense of smell can sniff out nearby items.


Message History

Your Translocations skill increases to level 2!
Your Transmutations skill increases to level 2!
Your Fire Magic skill increases to level 2!
Your Ice Magic skill increases to level 2!
Your Air Magic skill increases to level 2!
Your Earth Magic skill increases to level 2!
Your Poison Magic skill increases to level 2!
The ogre closely misses you.
You barely miss the ogre.
Your spectral weapon hits the ogre.
Unknown command.
You hit the ogre. You bite the ogre, but do no damage.
The ogre is moderately wounded.
Your spectral weapon hits the ogre.
The ogre hits you with a giant spiked club!
You hit the ogre.
The ogre is heavily wounded.
Your spectral weapon hits the ogre!
The ogre hits you with a giant spiked club!!
Ouch! That really hurt!
You die...

........#.#..##.#
#####...####.##.#
##.......##.#
#...######.#
#.### #.# #.# ##
#.# #.# ..∆ #.#
#(#.### #.#
#@O...# #.#
###.#.# #.# ^..
#.# #.# #.# .#
#.####### #
##.##.....
#.###...#.####
#.........#
#####...######


You could see an ogre and a friendly spectral falchion.

Vanquished Creatures
  Grinder (D:3)
  A hungry ghost (D:4)
  An orc priest (D:3)
  A hound (D:4)
  2 iguanas (D:4)
  2 orc wizards
  4 gnolls (D:4)
  5 adders
  A shadow imp (D:4)
  2 worms
  2 dart slugs
  A leopard gecko (D:1)
  7 orcs
  8 bats
  A giant cockroach (D:2)
  11 hobgoblins
  3 jackals (D:3)
  2 quokkas
  2 frilled lizards
  10 goblins
  7 kobolds
  4 rats (D:3)
78 creatures vanquished.

Vanquished Creatures (others)
  A spectral weapon (D:4)
1 creature vanquished.

Grand Total: 79 creatures vanquished

Notes
Turn   | Place    | Note
-------+----------+-------------------------------------------
     0 | D:1      | Baz the Gnoll Skald began the quest for the Orb.
     0 | D:1      | Reached XP level 1. HP: 20/20 MP: 6/6
   336 | D:1      | Reached XP level 2. HP: 17/26 MP: 4/7
   389 | D:1      | Learned a level 2 spell: Song of Slaying
   392 | D:1      | Learned a level 2 spell: Shroud of Golubria
  1214 | D:2      | Found a stormy altar of Qazlal.
  1214 | D:2      | Found a blossoming altar of Fedhas.
  1248 | D:2      | Reached XP level 3. HP: 31/31 MP: 9/9
  1349 | D:2      | Found an ornate altar of the Wu Jian Council.
  1426 | D:2      | Found a snail-covered altar of Cheibriados.
  1431 | D:2      | Reached skill level 5 in Spellcasting
  1435 | D:2      | Became a worshipper of Cheibriados the Contemplative
  1575 | D:2      | Reached skill level 1 in Invocations
  1818 | D:2      | Learned a level 3 spell: Spectral Weapon
  1822 | D:2      | Learned a level 3 spell: Regeneration
  2062 | D:2      | Found a shimmering altar of Xom.
  2349 | D:2      | Reached skill level 1 in Short Blades
  2349 | D:2      | Reached skill level 1 in Axes
  2349 | D:2      | Reached skill level 1 in Maces & Flails
  2349 | D:2      | Reached skill level 1 in Polearms
  2349 | D:2      | Reached skill level 1 in Staves
  2349 | D:2      | Reached skill level 1 in Slings
  2349 | D:2      | Reached skill level 1 in Bows
  2349 | D:2      | Reached skill level 1 in Crossbows
  2349 | D:2      | Reached skill level 1 in Throwing
  2349 | D:2      | Reached skill level 1 in Stealth
  2349 | D:2      | Reached skill level 1 in Shields
  2349 | D:2      | Reached skill level 1 in Unarmed Combat
  2349 | D:2      | Reached skill level 1 in Evocations
  2349 | D:2      | Reached XP level 4. HP: 38/38 MP: 11/11
  2484 | D:3      | Found a deep blue altar of Sif Muna.
  2526 | D:3      | Reached * piety under Cheibriados
  2731 | D:3      | Noticed Grinder
  2748 | D:3      | Paralysed by Grinder for 4 turns
  2752 | D:3      | Killed Grinder
  2752 | D:3      | Reached skill level 1 in Conjurations
  2752 | D:3      | Reached skill level 1 in Hexes
  2752 | D:3      | Reached skill level 1 in Summonings
  2752 | D:3      | Reached skill level 1 in Necromancy
  2752 | D:3      | Reached skill level 1 in Translocations
  2752 | D:3      | Reached skill level 1 in Transmutations
  2752 | D:3      | Reached skill level 1 in Fire Magic
  2752 | D:3      | Reached skill level 1 in Ice Magic
  2752 | D:3      | Reached skill level 1 in Air Magic
  2752 | D:3      | Reached skill level 1 in Earth Magic
  2752 | D:3      | Reached skill level 1 in Poison Magic
  2752 | D:3      | Reached XP level 5. HP: 17/43 MP: 3/12
  2752 | D:3      | Reached XP level 6. HP: 20/50 MP: 3/13
  3366 | D:3      | Found a glowing silver altar of Zin.
  3367 | D:3      | Found an opulent altar of Gozag.
  3737 | D:3      | Reached ** piety under Cheibriados
  3737 | D:3      | Reached skill level 5 in Fighting
  3737 | D:3      | Reached skill level 5 in Long Blades
  3737 | D:3      | Reached skill level 5 in Dodging
  4490 | D:4      | Reached XP level 7. HP: 52/56 MP: 15/15
  5105 | D:4      | Noticed a hungry ghost
  5115 | D:4      | Killed a hungry ghost
  5118 | D:4      | Mangled by an ogre

Skill      XL: |  1  2  3  4  5  6  7 |
---------------+----------------------+-----
Spellcasting   | 5 |  5.6
Invocations    | 1 2 |  2.8
Short Blades   | 1 2 |  2.5
Axes           | 1 2 |  2.5
Maces & Flails | 1 2 |  2.5
Polearms       | 1 2 |  2.5
Staves         | 1 2 |  2.5
Slings         | 1 2 |  2.5
Bows           | 1 2 |  2.5
Crossbows      | 1 2 |  2.5
Throwing       | 1 2 |  2.5
Stealth        | 1 2 |  2.5
Shields        | 1 2 |  2.5
Unarmed Combat | 1 2 |  2.5
Evocations     | 1 2 |  2.5
Armour         | 3 |  3.6
Conjurations   | 1 2 |  2.0
Hexes          | 1 2 |  2.0
Summonings     | 1 2 |  2.0
Necromancy     | 1 2 |  2.0
Translocations | 1 2 |  2.0
Transmutations | 1 2 |  2.0
Fire Magic     | 1 2 |  2.0
Ice Magic      | 1 2 |  2.0
Air Magic      | 1 2 |  2.0
Earth Magic    | 1 2 |  2.0
Poison Magic   | 1 2 |  2.0
Fighting       | 5 |  5.2
Long Blades    | 5 |  5.2
Dodging        | 5 |  5.2
Charms         | |  5.8

Action                   |  1- 3 |  4- 6 |  7- 9 || total
-------------------------+-------+-------+-------++-------
Melee: Falchion          |   106 |   123 |    49 ||   278
       Bite              |     9 |    16 |     9 ||    34
 Fire: Hunting sling     |    11 |    10 |    18 ||    39
 Cast: Infusion          |     2 |       |       ||     2
       Shroud of Golubri |     3 |     2 |       ||     5
       Spectral Weapon   |       |     2 |     2 ||     4
       Regeneration      |       |     1 |       ||     1
       Song of Slaying   |       |     1 |       ||     1
Invok: Bend Time         |       |     1 |       ||     1
  Use: Potion            |     1 |       |     1 ||     2
       Scroll            |       |       |     5 ||     5
 Stab: Sleeping          |     1 |     9 |       ||    10
       Distracted        |       |     1 |       ||     1
  Eat: Chunk             |     5 |     4 |     1 ||    10
Armor: Leather armour    |    27 |    21 |       ||    48
       Ring mail         |       |       |    10 ||    10
Dodge: Dodged            |   106 |    97 |    31 ||   234
       Rpst.: Falchion   |    26 |    32 |     6 ||    64
